[Event "Titled Tuesday Blitz February 28 Early 2023"]
[White "Alvarez Calzadilla, Jose Avelino"]
[Black "Svane, Rasmus"]
[WhiteFideId "3526151"]
[BlackFideId "4657101"]
[WhiteElo "2310"]
[BlackElo "2597"]
[Result "0-1"]
[Round "02"]
[TimeControl "180+2"]
[Date "2023.02.28"]
[WhiteClock "0:00:02"]
[BlackClock "0:00:39"]

1. d4 d5 2. Nf3 e6 3. c3 Bd6 4. Bg5 f6 5. Bh4 Nh6 6. Bg3 Be7 7. h3 O-O 8. Nbd2 f5 9. e3 Nd7 10. c4 c6 11. Rc1 Nf6 12. Be2 Bd7 13. Ne5 Be8 14. Qb3 Qb6 15. c5 Qxb3 16. axb3 a6 17. b4 Nf7 18. Nb3 Bd8 19. Nd3 Ne4 20. Bh2 Bd7 21. f3 Nf6 22. Kd2 Re8 23. g4 g6 24. g5 Nh5 25. h4 Re7 26. Ne5 Nxe5 27. Bxe5 Be8 28. Rh3 Bc7 29. f4 Bxe5 30. dxe5 Rd7 31. Bxh5 gxh5 32. Nd4 Bf7 33. Kc3 Rdd8 34. Ra1 Kg7 35. Rhh1 Kg6 36. Ra5 Rac8 37. Raa1 Rg8 38. Kb3 Rc7 39. Ka4 Re7 40. Ka5 Kg7 41. Kb6 Bg6 42. Ra5 Kf7 43. Rc1 Rc8 44. b5 cxb5 45. c6 Rec7 46. cxb7 Rxb7+ 47. Kxb7 Rxc1 48. Rxa6 Re1 49. Rxe6 Rxe3 50. Rf6+ Ke8 51. Kc7 Re4 52. Nc6 Rxf4 53. Kd6 d4 54. e6 d3 55. e7 Bf7 56. Rxf7 Kxf7 57. Nd8+ Ke8 58. Ne6 Re4 59. Nc7+ Kf7 0-1


[Site "https://www.chess.com"]

[Event "Titled Tuesday Blitz February 28 Early 2023"]
[White "Babazada, Khazar"]
[Black "Volkov, Maksim"]
[WhiteFideId "13413554"]
[BlackFideId "54123070"]
[WhiteElo "2359"]
[BlackElo "2328"]
[Result "1/2-1/2"]
[Round "02"]
[TimeControl "180+2"]
[Date "2023.02.28"]
[WhiteClock "0:00:05"]
[BlackClock "0:00:03"]

1. e4 c5 2. Nf3 d6 3. c3 Nf6 4. Bd3 Bg4 5. h3 Bh5 6. Bc2 Nc6 7. d3 e6 8. O-O Be7 9. Nbd2 O-O 10. Re1 b5 11. Nf1 b4 12. Ng3 Bg6 13. Ba4 Qb6 14. Be3 Qa6 15. c4 Ne5 16. Nh4 Qa5 17. Bc2 Nfd7 18. Nxg6 hxg6 19. Nf1 Nc6 20. Ba4 Qc7 21. Bxc6 Qxc6 22. f4 Bf6 23. Qd2 a5 24. Nh2 a4 25. Rac1 a3 26. b3 Bc3 27. Rxc3 bxc3 28. Qxc3 d5 29. Bf2 d4 30. Qd2 e5 31. f5 gxf5 32. exf5 Qf6 33. g4 g6 34. Rf1 Rfe8 35. Bg3 e4 36. dxe4 Rxe4 37. g5 Qc6 38. Ng4 Rae8 39. Qf2 Re2 40. Qf3 Qxf3 41. Rxf3 gxf5 42. Rxf5 Kg7 43. h4 Rxa2 44. h5 Ra1+ 45. Kg2 a2 46. g6 fxg6 47. h6+ Kg8 48. Rd5 Rg1+ 49. Kxg1 a1=Q+ 50. Kg2 Qa2+ 51. Bf2 Qa8 52. Kh3 Re7 53. Bh4 Rf7 54. Bg3 Qc6 55. Rd6 Qc8 56. Kh2 Qe8 57. Kh3 Qf8 58. Rxg6+ Kh7 59. Rg5 Nf6 60. Ne5 Qxh6+ 61. Bh4 Ne4 62. Nxf7 Nxg5+ 63. Nxg5+ Kg6 64. Kg4 Qf8 65. Nf3 Qf5+ 66. Kg3 Qd3 67. Be7 Qxb3 68. Bxc5 d3 69. Be3 Kf6 70. Bd4+ Ke7 71. Bc5+ Kd7 72. Be3 Kc7 73. Nd2 Qc2 74. Kf3 Kc6 75. Ke4 Kd6 76. Kd4 Ke6 77. Ne4 Kf5 78. Nd2 Kg4 79. c5 Kf5 80. Nc4 Ke6 81. c6 Ke7 82. Bg5+ Ke8 83. Bf4 Kd8 84. Bg5+ Kc8 85. Bf4 Qb3 86. Bd2 Kc7 87. Kc5 Qc2 88. Bf4+ Kd8 89. Kd5 Kc8 90. Nb6+ Kd8 91. Nc4 Kc8 92. Bd2 Kd8 93. Ba5+ Kc8 94. Bd2 Kd8 95. Nd6 Kc7 96. Ba5+ Kb8 97. c7+ Qxc7 98. Bxc7+ Kxc7 99. Nc4 d2 100. Nxd2 1/2-1/2


[Site "https://www.chess.com"]

[Event "Titled Tuesday Blitz February 28 Early 2023"]
[White "Fiorito, Joaquin"]
[Black "Matlakov, Maxim"]
[WhiteFideId "180173"]
[BlackFideId "4168003"]
[WhiteElo "2157"]
[BlackElo "2666"]
[Result "0-1"]
[Round "02"]
[TimeControl "180+2"]
[Date "2023.02.28"]
[WhiteClock "0:00:07"]
[BlackClock "0:00:57"]

1. d4 Nf6 2. Nc3 d5 3. Bf4 e6 4. Nb5 Bb4+ 5. c3 Ba5 6. a4 a6 7. b4 Bxb4 8. cxb4 axb5 9. axb5 Rxa1 10. Qxa1 Nh5 11. Be5 Nd7 12. Nf3 O-O 13. e3 f6 14. Bg3 Nb6 15. Qc3 Nxg3 16. hxg3 g6 17. Bd3 Bd7 18. O-O Be8 19. Rc1 Rf7 20. Qa3 Qb8 21. Ra1 Kg7 22. Qc3 Nc8 23. Nd2 Nd6 24. Nb3 Bxb5 25. Nc5 Qc8 26. Bxb5 Nxb5 27. Qd3 c6 28. Rc1 b6 29. Nb3 Rc7 30. e4 Qd7 31. e5 fxe5 32. dxe5 Qe7 33. Nd4 Nxd4 34. Qxd4 c5 35. Qd3 c4 36. Qc3 Ra7 37. Rb1 Ra2 38. Qd4 Qa7 39. Qf4 Qf7 40. Qd4 b5 41. Qc5 Qa7 42. f3 Qxc5+ 43. bxc5 c3 44. c6 Ra6 45. Rxb5 Rxc6 46. Rb1 d4 47. Kf2 d3 48. Ke1 d2+ 0-1


[Site "https://www.chess.com"]

[Event "Titled Tuesday Blitz February 28 Early 2023"]
[White "Ambartsumova, Karina"]
[Black "Dominguez Perez, Leinier"]
[WhiteFideId "4166299"]
[BlackFideId "3503240"]
[WhiteElo "2319"]
[BlackElo "2647"]
[Result "0-1"]
[Round "02"]
[TimeControl "180+2"]
[Date "2023.02.28"]
[WhiteClock "0:00:16"]
[BlackClock "0:02:21"]

1. Nf3 Nf6 2. g3 c5 3. c4 Nc6 4. d4 cxd4 5. Nxd4 e5 6. Nb5 Bb4+ 7. N1c3 d6 8. a3 Bxc3+ 9. Nxc3 Be6 10. Nd5 Nxd5 11. cxd5 Qa5+ 12. Qd2 Qxd5 13. Qxd5 Bxd5 14. f3 Nd4 15. e4 Nc2+ 16. Kd2 Nxa1 17. exd5 Nb3+ 18. Kd1 Nxc1 19. Kxc1 Rc8+ 20. Kb1 Rc5 21. Bd3 Ke7 22. Be4 g6 23. g4 Rf8 24. g5 h6 25. h4 Rh8 26. Rg1 hxg5 27. hxg5 Rh2 28. Ka2 Rb5 29. Rb1 Rg2 30. f4 Rg4 31. Bd3 Rxd5 32. Be4 Rb5 0-1


[Site "https://www.chess.com"]

[Event "Titled Tuesday Blitz February 28 Early 2023"]
[White "Maghsoodloo, Parham"]
[Black "Kim, Sergey"]
[WhiteFideId "12539929"]
[BlackFideId "13700570"]
[WhiteElo "2659"]
[BlackElo "2615"]
[Result "1-0"]
[Round "02"]
[TimeControl "180+2"]
[Date "2023.02.28"]
[WhiteClock "0:00:50"]
[BlackClock "0:00:14"]

1. d4 Nf6 2. c4 g6 3. Nc3 Bg7 4. e4 d6 5. Be2 O-O 6. f4 c5 7. d5 b5 8. cxb5 a6 9. a4 Qa5 10. Bd2 Qb4 11. Qc2 c4 12. Nf3 Nbd7 13. Nd4 axb5 14. Nc6 Qc5 15. Nxe7+ Kh8 16. Nxc8 Rfxc8 17. Nxb5 Re8 18. Nc3 Qd4 19. e5 dxe5 20. Nb5 Qxd5 21. Bxc4 Qxg2 22. O-O-O Rec8 23. Nd6 Nb6 24. fxe5 Nxc4 25. Nxc8 Nxe5 26. Nb6 Rb8 27. a5 Qb7 28. Rhe1 Nd5 29. Kb1 Nxb6 30. axb6 Qxb6 31. Bc3 f6 32. Qe4 Qa6 33. Bxe5 fxe5 34. Rd3 Qb5 35. Re2 Qb6 36. Red2 Qg1+ 37. Rd1 Qxh2 38. Rd8+ 1-0


[Site "https://www.chess.com"]

[Event "Titled Tuesday Blitz February 28 Early 2023"]
[White "Itgelt, Khuyagtsogt"]
[Black "Sanal, Vahap"]
[WhiteFideId "4902912"]
[BlackFideId "6300545"]
[WhiteElo "2227"]
[BlackElo "2605"]
[Result "0-1"]
[Round "02"]
[TimeControl "180+2"]
[Date "2023.02.28"]
[WhiteClock "0:00:41"]
[BlackClock "0:01:36"]

1. d4 d6 2. Nf3 Nf6 3. g3 Nbd7 4. Bg2 e5 5. c4 c6 6. Nc3 Be7 7. O-O e4 8. Nd2 d5 9. cxd5 cxd5 10. a3 O-O 11. b4 a5 12. b5 Nb6 13. Nb3 Nc4 14. Nd2 Nb6 15. Nb3 Bf5 16. Nc5 Qc8 17. N3a4 Nc4 18. b6 Nd7 19. Bf4 Ndxb6 20. Nxb6 Nxb6 21. Rb1 Nc4 22. Rxb7 Bxc5 23. Rc7 Qe6 24. dxc5 Nxa3 25. Qa4 Nc4 26. Rd1 Nb2 0-1


[Site "https://www.chess.com"]

[Event "Titled Tuesday Blitz February 28 Early 2023"]
[White "Crevatin, Leo"]
[Black "Kovalenko, Igor"]
[WhiteFideId "1726307"]
[BlackFideId "14117908"]
[WhiteElo "2190"]
[BlackElo "2574"]
[Result "0-1"]
[Round "02"]
[TimeControl "180+2"]
[Date "2023.02.28"]
[WhiteClock "0:00:02"]
[BlackClock "0:01:30"]

1. e4 e6 2. d4 d5 3. Nc3 Bb4 4. exd5 exd5 5. Bd3 Nc6 6. a3 Ba5 7. b4 Bb6 8. Nce2 Nf6 9. c3 Ne7 10. Nf3 c6 11. Ng3 Bc7 12. O-O O-O 13. Ne5 Ng6 14. f4 a5 15. Bd2 Re8 16. Qc2 Ng4 17. h3 Qh4 18. Nf5 Bxf5 19. Bxf5 Nh6 20. Bd3 axb4 21. cxb4 Bb6 22. Be3 Nxe5 23. fxe5 Bxd4 24. Bxd4 Qxd4+ 25. Kh1 g6 26. Qd2 Rxe5 27. Qxh6 Qxd3 28. Rf3 Qd4 29. Raf1 Rh5 30. Qc1 Rf8 31. Qe1 Re5 32. Qg3 Re7 33. Qd6 Qe5 34. Qc5 d4 35. Qc4 Rd7 36. Qd3 f5 37. R3f2 Kg7 38. Re2 Qf6 39. Rfe1 Rff7 40. Re8 b6 41. R1e2 c5 42. bxc5 bxc5 43. Rb2 Rfe7 44. Re2 Qf7 45. R2xe7 Rxe7 46. Rc8 Qd5 47. Qd2 c4 48. Qb4 Kf6 49. Rxc4 Re1+ 50. Qxe1 Qxc4 51. Qe8 Qc1+ 52. Kh2 Qc7+ 53. Kh1 Qd6 54. Qh8+ Kg5 55. Qxh7 d3 56. h4+ Kg4 57. h5 gxh5 58. Qg7+ Kf4 59. Qh6+ Qxh6 0-1


[Site "https://www.chess.com"]

[Event "Titled Tuesday Blitz February 28 Early 2023"]
[White "Klose, Eli"]
[Black "Svane, Frederik"]
[WhiteFideId "16242955"]
[BlackFideId "12923044"]
[WhiteElo "2611"]
[BlackElo "2502"]
[Result "1/2-1/2"]
[Round "02"]
[TimeControl "180+2"]
[Date "2023.02.28"]
[WhiteClock "0:00:06"]
[BlackClock "0:00:19"]

1. e4 c6 2. Nc3 d5 3. g3 dxe4 4. Nxe4 Bf5 5. Bg2 Nd7 6. Ne2 Ngf6 7. N2c3 e6 8. O-O Be7 9. Re1 O-O 10. d4 h6 11. Bf4 Nd5 12. Nxd5 cxd5 13. Nd6 Bh7 14. c4 g5 15. Be5 Nxe5 16. dxe5 Bxd6 17. exd6 Qxd6 18. cxd5 exd5 19. Qxd5 Qxd5 20. Bxd5 Rad8 21. Bb3 Rd7 22. Rad1 Rxd1 23. Rxd1 Bf5 24. Rd6 Kg7 25. Rd5 Bh3 26. f4 gxf4 27. gxf4 Rc8 28. Rh5 Bg4 29. Re5 Kf6 30. Kf2 Rc1 31. Ra5 a6 32. Rd5 Be6 33. Rd6 Rb1 34. Rd2 Bxb3 35. axb3 Kf5 36. Kg3 Rg1+ 37. Kf2 Rg4 38. Rd7 Rxf4+ 39. Ke3 Rb4 40. Rxf7+ Kg4 41. Rg7+ Kh3 42. Rh7 Rxb3+ 43. Kd4 Kxh2 44. Rxh6+ Kg3 45. Kc4 Rxb2 46. Rf6 Rb5 47. Rf7 Kg4 48. Rf6 Rf5 49. Rb6 Rf7 50. Kd5 Kf5 51. Rb1 Rd7+ 52. Kc5 Re7 53. Kb6 Ke6 54. Rd1 Rd7 55. Re1+ Kd6 56. Rc1 Kd5 57. Rd1+ Ke6 58. Re1+ Kf5 59. Rf1+ Ke4 60. Re1+ Kf3 61. Re8 Kf4 62. Re1 Kf5 63. Rf1+ Ke6 64. Re1+ 1/2-1/2


[Site "https://www.chess.com"]

[Event "Titled Tuesday Blitz February 28 Early 2023"]
[White "Esipenko, Andrey"]
[Black "Domingo Nunez, Ruben"]
[WhiteFideId "24175439"]
[BlackFideId "22245570"]
[WhiteElo "2615"]
[BlackElo "2404"]
[Result "0-1"]
[Round "02"]
[TimeControl "180+2"]
[Date "2023.02.28"]
[WhiteClock "0:00:06"]
[BlackClock "0:00:03"]

1. e4 g6 2. d4 Bg7 3. Nf3 c6 4. Nc3 d5 5. e5 f6 6. h3 fxe5 7. Nxe5 Nd7 8. f4 Nh6 9. Bd3 O-O 10. O-O Nxe5 11. dxe5 Qb6+ 12. Kh2 Bf5 13. Ne2 Bxd3 14. Qxd3 Rad8 15. Be3 c5 16. b4 Qxb4 17. Rab1 Qe4 18. Bxc5 Nf5 19. Rxb7 Rc8 20. Rb5 a6 21. Ra5 Rc6 22. Qxe4 dxe4 23. c3 g5 24. g4 Nh4 25. Bxe7 Nf3+ 26. Kg2 Rf7 27. Bxg5 h6 28. Bf6 Bf8 29. Ng3 Rd7 30. Nxe4 Nd2 31. Rd1 Nc4 32. Rxd7 Nxa5 33. e6 Rxe6 0-1


[Site "https://www.chess.com"]

[Event "Titled Tuesday Blitz February 28 Early 2023"]
[White "Manukyan, Sargis A."]
[Black "Chigaev, Maksim"]
[WhiteFideId "13303970"]
[BlackFideId "4108116"]
[WhiteElo "2187"]
[BlackElo "2547"]
[Result "1-0"]
[Round "02"]
[TimeControl "180+2"]
[Date "2023.02.28"]
[WhiteClock "0:00:37"]
[BlackClock "0:00:05"]

1. d4 Nf6 2. c4 c6 3. Nc3 d5 4. e3 a6 5. Nf3 b5 6. b3 Bg4 7. Qc2 Bxf3 8. gxf3 e6 9. f4 g6 10. c5 Nbd7 11. a3 Ng4 12. Ne2 Be7 13. Bb2 h5 14. h3 Nh6 15. Ng1 Nf5 16. Nf3 Nh4 17. Nxh4 Bxh4 18. Bd3 a5 19. O-O-O Qe7 20. Rdg1 Kf8 21. Qe2 Nf6 22. f3 Nd7 23. Kb1 Qf6 24. Ka2 Rb8 25. Qd2 b4 26. a4 Ke8 27. Rg2 Kd8 28. Rhg1 Kc7 29. Bc2 Kb7 30. Qe2 Ka7 31. Bd3 Rbe8 32. Qc2 Rhg8 33. Be2 Kb7 34. Qd3 Kc7 35. Qd2 Rb8 36. Bd3 Rbd8 37. Qe2 Qh8 38. Rd1 Kb7 39. Ba6+ Ka7 40. Bd3 f5 41. Rdg1 Qh7 42. Ba6 Nb8 43. Bd3 Rde8 44. Bc1 Re7 45. Qc2 Reg7 46. Bd2 Nd7 47. Be2 Kb7 48. Qd3 Nb8 49. Qb1 g5 50. fxg5 Rxg5 51. Rxg5 Rxg5 52. Rxg5 Bxg5 53. f4 Bf6 54. Qg1 h4 55. Qg2 Be7 56. Be1 Nd7 57. Bf1 Bf6 58. Qe2 Nb8 59. Qg2 Bd8 60. Be2 Qf7 61. Qf3 Bf6 62. Qh5 Qxh5 63. Bxh5 Kc7 64. Be8 Kd8 65. Bf7 1-0


[Site "https://www.chess.com"]

[Event "Titled Tuesday Blitz February 28 Early 2023"]
[White "Grigoriants, Sergey"]
[Black "Kvaloy, Aksel Bu"]
[WhiteFideId "4130804"]
[BlackFideId "1528815"]
[WhiteElo "2502"]
[BlackElo "2208"]
[Result "1-0"]
[Round "02"]
[TimeControl "180+2"]
[Date "2023.02.28"]
[WhiteClock "0:01:39"]
[BlackClock "0:01:06"]

1. d4 Nf6 2. c4 e6 3. g3 d5 4. Bg2 dxc4 5. Nf3 c6 6. O-O b5 7. b3 cxb3 8. axb3 Bb7 9. Qc2 a6 10. Bd2 Nbd7 11. Ba5 Qc8 12. b4 Bd6 13. Rd1 O-O 14. e4 e5 15. dxe5 Bxe5 16. Nxe5 Nxe5 17. Nd2 c5 18. bxc5 Qc6 19. f4 Ned7 20. Nb3 Nxe4 21. Bxe4 Qxe4 22. Qxe4 Bxe4 23. Rxd7 Rac8 24. Bb6 Bc6 25. Rd6 Bb7 26. Na5 Be4 27. c6 f5 28. c7 Kf7 29. Nb3 Ke7 30. Rd8 Bb7 31. Bc5+ 1-0


[Site "https://www.chess.com"]

[Event "Titled Tuesday Blitz February 28 Early 2023"]
[White "Poliakova, Varvara"]
[Black "Steinberg, Nitzan"]
[WhiteFideId "13518313"]
[BlackFideId "2801795"]
[WhiteElo "2075"]
[BlackElo "2486"]
[Result "0-1"]
[Round "02"]
[TimeControl "180+2"]
[Date "2023.02.28"]
[WhiteClock "0:00:27"]
[BlackClock "0:01:04"]

1. e4 c5 2. Nf3 e6 3. d4 cxd4 4. Nxd4 Nc6 5. Nc3 Qc7 6. Qd3 Nxd4 7. Qxd4 a6 8. Be3 b5 9. Qb6 Qxb6 10. Bxb6 Bb7 11. Bd3 Rc8 12. O-O Nf6 13. f3 Bc5+ 14. Bxc5 Rxc5 15. a3 Ke7 16. Rad1 Rhc8 17. Rfe1 d6 18. Kf2 g5 19. g3 h5 20. h3 h4 21. gxh4 gxh4 22. Rg1 Rh8 23. Rg2 Bc8 24. Bf1 Bd7 25. Rd2 Nh5 26. Ne2 e5 27. Rg5 Kf6 28. Rg1 Ke7 29. Rg5 Be6 30. b3 f6 31. Rg1 Rhc8 32. c3 Bxb3 33. Rg6 Bf7 34. Rh6 Rc4 35. Rh7 Ra4 36. Nc1 Rxc3 37. Nd3 Rd4 38. Ke2 Ng3+ 0-1


[Site "https://www.chess.com"]

[Event "Titled Tuesday Blitz February 28 Early 2023"]
[White "Timofeev, Artyom"]
[Black "Al-Tarboush, Ward"]
[WhiteFideId "4140419"]
[BlackFideId "7601450"]
[WhiteElo "2586"]
[BlackElo "2267"]
[Result "1-0"]
[Round "02"]
[TimeControl "180+2"]
[Date "2023.02.28"]
[WhiteClock "0:00:46"]
[BlackClock "0:00:02"]

1. c4 c5 2. Nf3 Nc6 3. Nc3 Nf6 4. g3 e5 5. Bg2 d6 6. O-O Be6 7. d3 Be7 8. Ng5 Bf5 9. Rb1 O-O 10. a3 h6 11. Nge4 Nxe4 12. Nxe4 a5 13. Nc3 Be6 14. Bd2 Bg5 15. e3 f5 16. Nd5 Rb8 17. b4 axb4 18. axb4 b5 19. cxb5 Rxb5 20. Qa4 Qb8 21. Nc7 Qxc7 22. Qxb5 Nxb4 23. Bxb4 cxb4 24. Bd5 Qf7 25. Bxe6 Qxe6 26. Rxb4 f4 27. exf4 exf4 28. Re4 Qh3 29. Re8 f3 30. Rxf8+ Kxf8 31. Qb8+ Ke7 32. Qb7+ 1-0


[Site "https://www.chess.com"]

[Event "Titled Tuesday Blitz February 28 Early 2023"]
[White "Derix, Bernhard"]
[Black "Kozak, Adam"]
[WhiteFideId "4642368"]
[BlackFideId "753246"]
[WhiteElo "2602"]
[BlackElo "2469"]
[Result "0-1"]
[Round "02"]
[TimeControl "180+2"]
[Date "2023.02.28"]
[WhiteClock "0:00:02"]
[BlackClock "0:00:13"]

1. Nf3 d5 2. g3 Nd7 3. d4 Nb6 4. Bg2 Bf5 5. Bf4 h6 6. O-O e6 7. a4 a5 8. Nbd2 Nf6 9. Ne5 Be7 10. c4 c6 11. Qb3 Bb4 12. Ndf3 O-O 13. Rad1 Be4 14. c5 Nbd7 15. Nxd7 Nxd7 16. Bd6 Re8 17. Ne5 Bxg2 18. Kxg2 Nxe5 19. dxe5 b6 20. cxb6 Qxb6 21. e4 dxe4 22. Rfe1 c5 23. Rxe4 Qc6 24. Qf3 Qxa4 25. h4 Qc2 26. h5 Rad8 27. g4 Rf8 28. g5 hxg5 29. h6 f5 30. Re3 g4 31. Qb7 Rf7 32. h7+ Kh8 33. Qxf7 Qxd1 34. Bf8 Rxf8 35. Qxf8+ Kxh7 36. Qf7 Qd5+ 37. Kh2 c4 38. Re1 Qf3 39. Qh5+ Kg8 40. Qe8+ Kh7 41. Qh5+ Kg8 42. Qe8+ Bf8 43. Qxe6+ Kh7 44. Rf1 g3+ 45. Kg1 g2 46. Re1 Qh3 47. f4 Bc5+ 0-1


[Site "https://www.chess.com"]

[Event "Titled Tuesday Blitz February 28 Early 2023"]
[White "Vokhidov, Shamsiddin"]
[Black "Czopor, Maciej"]
[WhiteFideId "14204223"]
[BlackFideId "21805431"]
[WhiteElo "2570"]
[BlackElo "2324"]
[Result "1-0"]
[Round "02"]
[TimeControl "180+2"]
[Date "2023.02.28"]
[WhiteClock "0:00:51"]
[BlackClock "0:00:02"]

1. e4 g6 2. d4 c6 3. Nf3 Bg7 4. Bc4 d5 5. Bb3 Bg4 6. h3 Bxf3 7. Qxf3 e6 8. c3 dxe4 9. Qxe4 Nf6 10. Qf3 O-O 11. O-O Nbd7 12. Nd2 Nb6 13. Re1 Re8 14. a4 a5 15. Nf1 Qd7 16. Bg5 Nfd5 17. h4 h6 18. Bd2 h5 19. g4 hxg4 20. Qxg4 Nf6 21. Qf3 Nh5 22. Rad1 Nd5 23. Ng3 Ndf6 24. Bg5 Nxg3 25. fxg3 Nh7 26. Bf4 Rad8 27. h5 gxh5 28. Bc2 f5 29. Bb3 Nf6 30. Bg5 Qf7 31. Re5 Qg6 32. Rxe6 Kh8 33. Bh4 Rc8 34. Rf1 Rxe6 35. Bxe6 Rf8 36. Qxf5 Qe8 37. Qe5 Ng4 38. Rxf8+ Qxf8 39. Qxh5+ Nh6 40. Bg5 Kh7 41. Bxh6 Bxh6 42. Qxa5 Be3+ 43. Kg2 Qf2+ 44. Kh3 Qf1+ 45. Kg4 Qd1+ 46. Kh4 Qh1+ 47. Bh3 Qe4+ 48. g4 Bf2+ 49. Kg5 Be3+ 50. Kf6 Qf4+ 51. Qf5+ Qxf5+ 52. gxf5 Bc1 53. b3 Bb2 54. Ke7 Bxc3 55. f6 Bxd4 56. f7 Bc5+ 57. Kd7 Kg7 58. Be6 Bb4 59. Kc7 b5 60. Kxc6 bxa4 61. bxa4 Kf6 62. Kb5 1-0


[Site "https://www.chess.com"]

[Event "Titled Tuesday Blitz February 28 Early 2023"]
[White "Odegov, Artem"]
[Black "Mitrabha, Guha"]
[WhiteFideId "34183644"]
[BlackFideId "5057000"]
[WhiteElo "2300"]
[BlackElo "2520"]
[Result "0-1"]
[Round "02"]
[TimeControl "180+2"]
[Date "2023.02.28"]
[WhiteClock "0:00:47"]
[BlackClock "0:01:27"]

1. d4 Nf6 2. c4 c5 3. d5 e6 4. Nc3 d6 5. Nf3 g6 6. e4 a6 7. a4 exd5 8. cxd5 Bg4 9. Be2 Bxf3 10. gxf3 Nbd7 11. f4 Bg7 12. Be3 O-O 13. Qc2 Re8 14. O-O Qe7 15. Bf3 c4 16. Rfe1 Rab8 17. a5 Rbc8 18. Rad1 Nc5 19. Bxc5 Rxc5 20. e5 dxe5 21. fxe5 Nd7 22. e6 Ne5 23. Bg2 fxe6 24. dxe6 Kh8 25. Nd5 Qh4 26. Re4 Qh5 27. f4 Nd3 28. Rxd3 cxd3 29. Qxc5 d2 30. Ne3 Qxc5 0-1


[Site "https://www.chess.com"]

[Event "Titled Tuesday Blitz February 28 Early 2023"]
[White "Abdrlauf, Elham"]
[Black "Maltsevskaya, Aleksandra"]
[WhiteFideId "1533533"]
[BlackFideId "24174041"]
[WhiteElo "2476"]
[BlackElo "2302"]
[Result "1-0"]
[Round "02"]
[TimeControl "180+2"]
[Date "2023.02.28"]
[WhiteClock "0:00:01"]
[BlackClock "0:00:01"]

1. e4 c5 2. Nf3 e6 3. c3 d5 4. e5 Nc6 5. d4 Nge7 6. Be2 Nf5 7. O-O Be7 8. dxc5 Bxc5 9. b4 Bb6 10. Bd3 Nh4 11. Nbd2 O-O 12. Nxh4 Qxh4 13. Nf3 Qh5 14. Bf4 h6 15. b5 Na5 16. h3 Bd7 17. Qe2 Rac8 18. Rac1 Nc4 19. a4 Bc7 20. Rfe1 Bb8 21. Rcd1 f6 22. Bg3 Nxe5 23. Nxe5 Qxe2 24. Rxe2 fxe5 25. Re3 Kf7 26. c4 e4 27. Bxb8 exd3 28. Bd6 dxc4 29. Rf3+ Kg8 30. Bxf8 Rxf8 31. Rxf8+ Kxf8 32. f4 e5 33. fxe5 Bf5 34. Rf1 d2 35. Kf2 c3 36. Ke3 Ke7 37. Ke2 Bc2 38. g4 Bxa4 39. Ra1 1-0


[Site "https://www.chess.com"]

[Event "Titled Tuesday Blitz February 28 Early 2023"]
[White "Bacrot, Etienne"]
[Black "Martynov, Pavel"]
[WhiteFideId "605506"]
[BlackFideId "4101260"]
[WhiteElo "2667"]
[BlackElo "2314"]
[Result "1-0"]
[Round "02"]
[TimeControl "180+2"]
[Date "2023.02.28"]
[WhiteClock "0:01:07"]
[BlackClock "0:00:33"]

1. e4 c5 2. Nf3 e6 3. b3 Nc6 4. Bb2 a6 5. c4 Qc7 6. Nc3 Nf6 7. g3 d6 8. Bg2 Be7 9. O-O O-O 10. d4 cxd4 11. Nxd4 Ne5 12. h3 Rb8 13. Qe2 b6 14. f4 Ned7 15. g4 Bb7 16. g5 Ne8 17. Rad1 Rc8 18. h4 Qb8 19. h5 Bd8 20. Bh3 Kh8 21. h6 gxh6 22. Nd5 e5 23. Bxd7 exd4 24. Bxd4+ f6 25. Bxe8 Bxd5 26. exd5 hxg5 27. fxg5 Rg8 28. g6 hxg6 29. Rxf6 Bxf6 30. Bxf6+ Rg7 31. Bxg7+ Kxg7 32. Qe7+ Kh6 33. Kg2 1-0


[Site "https://www.chess.com"]

[Event "Titled Tuesday Blitz February 28 Early 2023"]
[White "Tan, Jun Ying"]
[Black "Dardha, Daniel"]
[WhiteFideId "5710413"]
[BlackFideId "240990"]
[WhiteElo "2089"]
[BlackElo "2581"]
[Result "1-0"]
[Round "02"]
[TimeControl "180+2"]
[Date "2023.02.28"]
[WhiteClock "0:01:24"]
[BlackClock "0:01:02"]

1. d4 d5 2. c4 e6 3. Nc3 Nf6 4. cxd5 exd5 5. Bg5 c6 6. e3 Bd6 7. Bd3 O-O 8. Qc2 h6 9. Bh4 a5 10. Nge2 Na6 11. a3 Nc7 12. Bg3 Bxg3 13. Nxg3 h5 14. Nge2 Re8 15. O-O h4 16. h3 Qd6 17. Na4 Ne6 18. Nb6 Rb8 19. Nxc8 Rbxc8 20. Bf5 Rc7 21. Bxe6 Qxe6 22. Nf4 Qd7 23. Rfc1 Rcc8 24. Nd3 Ne4 25. Nc5 Nxc5 26. Qxc5 Ra8 27. b4 axb4 28. axb4 Qf5 29. b5 cxb5 30. Qxb5 Rxa1 31. Qxe8+ Kh7 32. Rxa1 Qe4 33. Qxe4+ 1-0


[Site "https://www.chess.com"]

[Event "Titled Tuesday Blitz February 28 Early 2023"]
[White "Gabdrakhmanov, Azat"]
[Black "Bernadskiy, Vitaliy"]
[WhiteFideId "34189197"]
[BlackFideId "14100371"]
[WhiteElo "2315"]
[BlackElo "2488"]
[Result "0-1"]
[Round "02"]
[TimeControl "180+2"]
[Date "2023.02.28"]
[WhiteClock "0:00:44"]
[BlackClock "0:01:48"]

1. e4 b6 2. d3 Bb7 3. Nd2 g6 4. g3 Bg7 5. Bg2 e6 6. Ngf3 Ne7 7. O-O O-O 8. c3 a5 9. Re1 Na6 10. h4 h6 11. d4 c5 12. dxc5 Nxc5 13. Qc2 Rc8 14. Nb3 d5 15. exd5 Nxd5 16. Nxc5 Rxc5 17. Qe2 Qa8 18. c4 Nf6 19. Rd1 Rfc8 20. b3 Rf5 21. Ne1 Bxg2 22. Nxg2 Ne4 23. Bf4 g5 24. hxg5 hxg5 25. Ne3 gxf4 26. Nxf5 exf5 0-1


[Site "https://www.chess.com"]

[Event "Titled Tuesday Blitz February 28 Early 2023"]
[White "Rustemov, Alexander"]
[Black "Manelyuk, Daniil"]
[WhiteFideId "4119002"]
[BlackFideId "44173920"]
[WhiteElo "2884"]
[BlackElo "2259"]
[Result "1-0"]
[Round "02"]
[TimeControl "180+2"]
[Date "2023.02.28"]
[WhiteClock "0:00:20"]
[BlackClock "0:00:14"]

1. d4 Nf6 2. c4 g6 3. Nf3 Bg7 4. g3 O-O 5. Bg2 c5 6. O-O cxd4 7. Nxd4 Nc6 8. Nc3 Nxd4 9. Qxd4 d6 10. Qd3 Bf5 11. e4 Bd7 12. b3 Rb8 13. Be3 a6 14. a4 Qa5 15. Bd4 Rfc8 16. h3 Bc6 17. Rfe1 Nd7 18. Bxg7 Kxg7 19. Rab1 Qb4 20. Qd4+ e5 21. Qe3 Nc5 22. f4 Ne6 23. Kh2 Nd4 24. Red1 b5 25. axb5 axb5 26. Ne2 Nc2 27. Qd2 bxc4 28. Qxc2 cxb3 29. Qd2 Qb7 30. Qxd6 exf4 31. Qxf4 Re8 32. Nc3 b2 33. Nd5 Bxd5 34. exd5 Qb3 35. d6 Red8 36. Qd4+ Kg8 37. Rd2 Rb4 38. Qxb2 Qxb2 39. Rbxb2 Rxb2 40. Rxb2 Rxd6 41. g4 Kg7 42. Kg3 Rd4 43. Rf2 h6 44. Rf4 Rd6 45. Bf3 Rd7 46. Rc4 Ra7 47. Kf4 Re7 48. h4 Rd7 49. Rb4 Re7 50. Rb7 Re6 51. Bd5 Rf6+ 52. Ke5 Rf1 53. Kd6 Rf2 54. g5 hxg5 55. hxg5 Rf5 56. Rxf7+ Rxf7 57. Bxf7 Kxf7 58. Kd7 Kf8 59. Ke6 Ke8 60. Kf6 Kf8 61. Kxg6 Kg8 62. Kf6 Kf8 63. g6 Kg8 64. g7 Kh7 65. Kf7 Kh6 66. g8=Q Kh5 67. Qg3 Kh6 68. Qh4# 1-0


[Site "https://www.chess.com"]

[Event "Titled Tuesday Blitz February 28 Early 2023"]
[White "Mamedov, Edgar"]
[Black "Boros, Denes"]
[WhiteFideId "13739980"]
[BlackFideId "722340"]
[WhiteElo "2330"]
[BlackElo "2464"]
[Result "1-0"]
[Round "02"]
[TimeControl "180+2"]
[Date "2023.02.28"]
[WhiteClock "0:00:02"]
[BlackClock "0:00:33"]

1. d4 g6 2. Nf3 Bg7 3. c4 d5 4. cxd5 Nf6 5. g3 c6 6. dxc6 Nxc6 7. Bg2 e5 8. O-O exd4 9. Na3 O-O 10. Nc2 Qb6 11. Ncxd4 Rd8 12. e3 Ne4 13. Qb3 Qxb3 14. axb3 Nc5 15. Nxc6 bxc6 16. Ra3 Ba6 17. Re1 Bb5 18. Nd4 Nd3 19. Rd1 Bxd4 20. exd4 Nxc1 21. Rxc1 Rxd4 22. Raa1 Rd6 23. Rc3 Rad8 24. h4 Rd1+ 25. Rxd1 Rxd1+ 26. Kh2 Rd2 27. Bxc6 Bxc6 28. Rxc6 Rxf2+ 29. Kg1 Rxb2 30. Rc3 h6 31. g4 Rd2 32. g5 hxg5 33. hxg5 Kg7 34. Kf1 Kf8 35. Re3 Rd5 36. Rg3 Re5 37. Kf2 Ke7 38. Kf3 Ke6 39. Kf4 a5 40. Rc3 Rf5+ 41. Kg4 Kd5 42. Rd3+ Kc5 43. Rd7 Kb4 44. Rb7+ Rb5 45. Rxf7 Kxb3 46. Rf6 a4 47. Rxg6 a3 48. Rh6 Rb4+ 49. Kf5 Rc4 50. Rh1 Rc5+ 51. Kf6 Kb2 52. Rh2+ Rc2 53. Rh1 Rc6+ 54. Kf5 a2 55. Rh2+ Kb3 56. Rxa2 Rc5+ 57. Kf6 Rc2 58. Rxc2 1-0


[Site "https://www.chess.com"]